 Dungeon Crawl Stone Soup version 0.23-a0-49-gd9f7a49 (webtiles) character file.

3 Mgcat the Sneak (level 1, -1/13 HPs)
             Began as a Vampire Enchanter on Aug 7, 2018.
             Slain by a hobgoblin
             ... wielding a +0 club
              (4 damage)
             ... on level 1 of the Dungeon.
             The game lasted 00:00:29 (144 turns).

Mgcat the Sneak (Vampire Enchanter)                  Turns: 144, Time: 00:00:29

Health: -1/13      AC:  2    Str:  7    XL:     1   Next: 41%
Magic:  3/3        EV: 12    Int: 17    God:
Gold:   0          SH:  0    Dex: 14    Spells: 3/4 levels left

rFire    . . .     SeeInvis +   a - +1 dagger
rCold    . . .     Gourm    .   (no shield)
rNeg     + . .     Faith    .   b - +0 robe
rPois    .         Spirit   .   (no helmet)
rElec    .         Reflect  .   (no cloak)
rCorr    .         Harm     .   (no gloves)
MR       .....                  (no boots)
Stlth    +++.......             (no amulet)
HPRegen  0.04/turn              (no ring)
MPRegen  0.08/turn              (no ring)

@: no status effects
A: fangs 3, see invisible, unbreathing
a: no special abilities


You were on level 1 of the Dungeon.
You were not thirsty.

You visited 1 branch of the dungeon, and saw 1 of its levels.

Inventory:

Hand Weapons
 a - a +1 dagger (weapon)
Armour
 b - a +0 robe (worn)


   Skills:
 - Level 1.1 Short Blades
 - Level 2.1 Dodging
 + Level 4.8 Stealth
 - Level 2.0 Spellcasting
 - Level 4.4 Hexes


You had 3 spell levels left.
You knew the following spells:

 Your Spells              Type           Power        Failure   Level  Hunger
a - Corona                Hex            ###....      3%          1    #......

Your spell library contained the following spells:

 Spells                   Type           Power        Failure   Level  Hunger
 Confuse                  Hex            ###.....     10%         3    ###....
 Tukima's Dance           Hex            ###.....     10%         3    ###....
 Ensorcelled Hibernation  Hex/Ice        #.....       12%         2    ###....
 Dazzling Spray           Conj/Hex       #.....       24%         3    ###....


Dungeon Overview and Level Annotations

Branches:
Dungeon (1/15)

Altars:


Innate Abilities, Weirdness & Mutations

You have razor-sharp teeth.
You have supernaturally acute eyesight. (SInv)
You can survive without breathing.


Message History

Welcome, Mgcat the Vampire Enchanter.
The bosom of this dungeon contains the fabled artefact, the Orb of Zot.
Press ? for a list of commands and other information.
Found a staircase leading out of the dungeon.
You enter the shallow water.
Moving in this stuff is going to be slow.
There is a staircase leading out of the dungeon here.
You enter the shallow water.
Moving in this stuff is going to be slow.
There is a staircase leading out of the dungeon here.
Unknown command.
You enter the shallow water.
Moving in this stuff is going to be slow.
Key pressed, stopping explore.
Unknown command.
Unknown command.
Unknown command.
You enter the shallow water.
Moving in this stuff is going to be slow.
A bat comes into view.
The bat barely misses you. x2
You closely miss the bat. The bat barely misses you.
You hit the bat but do no damage. Your bite misses the bat.
The bat closely misses you.
You hit the bat.
The bat is moderately wounded.
The bat barely misses you. The bat closely misses you.
You hit the bat but do no damage.
The bat is moderately wounded.
The bat misses you.
You barely miss the bat.
The bat is moderately wounded.
The bat hits you but does no damage.
You hit the bat.
You kill the bat!
No target in view!
No target in view!
No target in view!
A rat comes into view.
The rat closely misses you.
You closely miss the rat. You bite the rat, but do no damage.
The rat closely misses you.
You hit the rat but do no damage. The rat bites you.
You closely miss the rat. The rat barely misses you.
You closely miss the rat. The rat bites you.
You closely miss the rat. The rat barely misses you.
You hit the rat.
The rat is moderately wounded.
The rat barely misses you.
You hit the rat.
You kill the rat!
No target in view!
No target in view!
No target in view!
HP restored.
A bat comes into view.
A hobgoblin comes into view. It is wielding a club.
The hobgoblin shouts!
The bat closely misses you.
You miss the bat. The bat closely misses you. The bat hits you.
You miss the bat. The bat barely misses you.
You barely miss the bat. The bat barely misses you.
You hit the hobgoblin.
The hobgoblin is moderately wounded.
A kobold comes into view.
The hobgoblin hits you with a club. The bat barely misses you.
The bat hits you but does no damage. The hobgoblin hits you with a club.
The bat closely misses you. The bat closely misses you.
The bat hits you but does no damage. The bat closely misses you.
The bat barely misses you. The bat hits you. The bat closely misses you.
Okay, then.
Yummy - fresh blood!
The bat hits you but does no damage. x2
You hit the bat. You bite the bat.
The bat is severely wounded.
The bat barely misses you.
You barely miss the bat.
The bat is severely wounded.
The bat hits you.
* * * LOW HITPOINT WARNING * * *
You hit the bat but do no damage. You bite the bat.
You kill the bat!
You hit the hobgoblin.
The hobgoblin is heavily wounded.
The hobgoblin misses you.
You closely miss the hobgoblin.
The hobgoblin is heavily wounded.
The hobgoblin hits you with a club.
You die...

#. .. ##.## ...#
K#####..# ........#
#..# ##.######## .#
#....g@..# #.#
########.# #.# #.# #.#
#.# #.# #.###.# #
#.....###..#
####.......#
##############.###..##
♣♣♣
#.....................


You could see a hobgoblin.

Vanquished Creatures
  2 bats (D:1)
  A rat (D:1)
3 creatures vanquished.

Notes
Turn   | Place    | Note
-------+----------+-------------------------------------------
     0 | D:1      | Mgcat the Vampire Enchanter began the quest for the Orb.
     0 | D:1      | Reached XP level 1. HP: 13/13 MP: 3/3
   141 | D:1      | HP: 3/13 [bat (1)]
   144 | D:1      | Slain by a hobgoblin

Vault maps used:
D:1:      nagdon_arrival_double_spiral

Action                   || total
-------------------------++-------
Melee: Dagger            ||    22
       Bite              ||     3
  Use: Potion            ||     1
Armor: Robe              ||     5
Dodge: Dodged            ||    24

Table legend:
 A = Spawn XP
 B = Non-spawn XP
 C = Spawn XP percentage of total XP
 D = Spawn monster count
 E = Non-spawn monster count
 F = Spawn count percentage of total count
 G = Total turns spent on level
                    A         B        C        D         E        F      G
               +---------+---------+-------+---------+---------+-------+---------
         Total |       0 |       5 |   0.0 |       0 |       3 |   0.0 |   144
               +---------+---------+-------+---------+---------+-------+---------
           D:1 |       0 |       5 |   0.0 |       0 |       3 |   0.0 |   144
               +---------+---------+-------+---------+---------+-------+---------

Vault maps used:
D:1:      nagdon_arrival_double_spiral

Table legend:
 A = Turns spent in this place as a percentage of turns spent in the entire game.
 B = Non-inter-level travel turns spent in this place as a percentage of non-inter-level travel turns spent in the entire game.
 C = Inter-level travel turns spent in this place as a percentage of turns spent in this place.
 D = Turns resting spent in this place as a percentage of non-inter-level travel turns spent in this place.
 E = Turns spent auto-exploring this place as a percentage of non-inter-level travel turns spent in this place.
 F = Non-inter-level travel turns spent in this place divided by the number of levels of this place that you've seen.
                   A       B       C       D       E      F
               +-------+-------+-------+-------+-------+----------------------
         Total | 100.0 | 100.0 |   0.0 |   0.0 |  68.8 | 144.0
       Dungeon | 100.0 | 100.0 |   0.0 |   0.0 |  68.8 | 144.0
               +-------+-------+-------+-------+-------+----------------------

Table legend:
 A = Kills in this place as a percentage of kills in entire the game.
 B = Kills by you in this place as a percentage of kills by you in the entire game.
 C = Kills by friends in this place as a percentage of kills by friends in the entire game.
 D = Other kills in this place as a percentage of other kills in the entire game.
 E = Experience gained in this place as a percentage of experience gained in the entire game.
 F = Experience gained in this place divided by the number of levels of this place that you have seen.
                   A       B       C       D       E      F
               +-------+-------+-------+-------+-------+----------------------
         Total | 100.0 | 100.0 |   N/A |   N/A | 100.0 |   5.0
       Dungeon | 100.0 | 100.0 |   N/A |   N/A | 100.0 |   5.0
               +-------+-------+-------+-------+-------+----------------------
